 Dungeon Crawl Stone Soup version 0.19.3 (webtiles) character file.

9145 dngmouse the Basher (level 11, -1/101 HPs)
             Began as a Minotaur Fighter on Jan 22, 2017.
             Was a High Priest of Okawaru.
             Killed from afar by a manticore (26 damage)
             ... with a volley of spikes
             ... on level 8 of the Dungeon.
             The game lasted 00:41:22 (11402 turns).

dngmouse the Basher (Minotaur Fighter)             Turns: 11402, Time: 00:41:23

Health: -1/101     AC: 17    Str: 21    XL:     11   Next: 19%
Magic:  15/15      EV:  4    Int:  5    God:    Okawaru [*****.]
Gold:   637        SH:  9    Dex: 11    Spells: 0 memorised, 10 levels left

rFire  . . .     SeeInvis .     a - +3 flail
rCold  . . .     Gourm    .     n - +0 plate armour
rNeg   . . .     Faith    .     B - +0 shield
rPois  +         Spirit   .     (helmet restricted)
rElec  .         Reflect  .     j - +1 cloak
rCorr  .         Harm     .     (no gloves)
MR     .....                    (no boots)
Stlth  ..........               (no amulet)
                                (no ring)
                                z - ring of poison resistance

@: barbed spikes
A: retaliatory headbutt, horns 2, talons 1, yellow scales 1, blurry vision 1,
clumsy 1, slow regeneration 1, wild magic 1
a: Heroism, Finesse, Renounce Religion


You were on level 8 of the Dungeon.
You worshipped Okawaru.
Okawaru was extremely pleased with you.
You were not hungry.

You visited 2 branches of the dungeon, and saw 9 of its levels.

You collected 637 gold pieces.

Inventory:

Hand Weapons
 a - a +3 flail (weapon)
 b - a +2 flail of holy wrath
 c - a +1 dire flail of protection
 l - a +0 morningstar
 m - a +1 whip of electrocution
Armour
 j - a +1 cloak (worn)
 k - the +2 ring mail "Xoosmoala" {rElec rC++ Int-3}
   (You took it off a gnoll on level 5 of the Dungeon)

   It affects your intelligence (-3).
   It greatly protects you from cold.
   It insulates you from electricity.
 n - a +0 plate armour (worn)
 s - a +0 buckler
 B - a +0 shield (worn)
Jewellery
 z - a ring of poison resistance (left hand)
Wands
 g - a wand of confusion (14/48)
 q - a wand of iceblast (7/15)
 t - a wand of lightning (7/15)
 x - a wand of random effects (38/48)
 G - a wand of lightning (8/15)
Scrolls
 e - 3 scrolls of recharging {unknown}
 h - 3 scrolls of blinking
 r - 2 scrolls of silence {unknown}
 w - a scroll of magic mapping {unknown}
 y - a scroll of remove curse
 E - 4 scrolls of identify
 H - a scroll of fog
 J - a scroll of fear {unknown}
Potions
 i - 3 potions of curing
 A - a potion of magic {unknown}
 C - a potion of brilliance {unknown}
Comestibles
 d - 6 beef jerkies
 f - 8 bread rations
 o - 3 meat rations
 p - 2 slices of pizza
 v - a royal jelly
 D - 5 fruits


   Skills:
 * Level 10.4 Fighting
 + Level 14.6 Maces & Flails
 + Level 7.0 Armour
 - Level 3.6 Shields
 * Level 7.2 Invocations


You had 10 spell levels left.
You didn't know any spells.

Dungeon Overview and Level Annotations

Branches:
Dungeon (8/15)             Temple (1/1) D:5            Lair (0/6) D:8

Altars:
Ashenzari
Cheibriados
Dithmenos
Elyvilon
Fedhas
Hepliaklqana
Kikubaaqudgha
Makhleb
Okawaru
Qazlal
Ru
Sif Muna
Trog
Uskayaw
Vehumet
Xom
Yredelemnul
The Shining One

Shops:
D:6 %

Annotations:
D:3 exclusion: oklob plant


Innate Abilities, Weirdness & Mutations

You reflexively headbutt those who attack you in melee.
You have a pair of horns on your head.
You have sharp toenails.
You are partially covered in yellow scales. (AC +2)
Scrolls take you a little longer to read.
You are clumsy. (Dex -2)
You regenerate slowly when monsters are visible.
Your spells are a little harder to cast, but a little more powerful.


Message History

The black bear growls angrily.
The manticore flicks its tail.
The volley of spikes hits you!
The barbed spikes become lodged in your body.
The manticore flicks its tail.
The volley of spikes hits you!
The manticore flicks its tail.
The volley of spikes hits you!
The barbed spikes become lodged in your body.
The manticore flicks its tail.
The volley of spikes hits you!
The barbed spikes become lodged in your body.
The manticore flicks its tail.
The volley of spikes hits you!
The barbed spikes become lodged in your body.
* * * LOW HITPOINT WARNING * * *
The manticore flicks its tail.
The volley of spikes hits you!
The barbed spikes become lodged in your body.
You die...

...≈≈..♣≈≈≈###..#
#.##
....≈≈≈≈≈≈####...##.#
≈≈≈.≈.≈≈≈≈# #.......#
♣....≈≈#####..##...##
.. ##..## ≈♣ ##..# ≈≈
##.## ≈≈
...#######..# ≈≈
#.hH.@###.#### ≈≈
######.......## ≈≈
#####....# ##...#
#.>.# #...# #####


You could see a manticore and a black bear.

Vanquished Creatures
  Pikel (D:5)
  3 manticores (D:8)
  A merfolk (D:8)
  2 trolls (D:8)
  A hippogriff (D:8)
  The ghost of bosm the Insei, an amateur OpTm (D:5)
  2 wyverns (D:8)
  A yak (D:8)
  4 hogs (D:8)
  2 steam dragons (D:7)
  2 phantoms
  An ice beast (D:8)
  6 orc warriors
  The ghost of Paps the Skirmisher, an amateur HOFi of Gozag (D:3)
  5 black bears (D:8)
  3 ogres
  2 slaves (D:5)
  3 centaurs
  A big kobold (D:8)
  2 gnoll sergeants
  9 bullfrogs
  3 scorpions
  5 wights (D:6)
  7 electric eels (D:8)
  6 howler monkeys
  A bullfrog zombie (D:7)
  5 crimson imps
  2 jellies
  2 hounds (D:5)
  8 orc wizards
  6 gnoll shamans
  2 centaur skeletons (D:5)
  5 orc priests
  A bullfrog skeleton (D:8)
  2 iguanas
  7 worker ants
  A mummy (D:7)
  A hound skeleton (D:7)
  38 gnolls
  Robin (D:4)
  17 adders
  3 shadow imps
  4 worms
  6 dart slugs
  5 leopard geckos
  30 orcs
  6 bats
  A giant cockroach (D:2)
  13 goblins
  10 hobgoblins
  21 jackals
  5 quokkas
  2 ball pythons
  7 frilled lizards
  A jackal skeleton (D:4)
  7 kobolds
  11 rats
  6 plants
311 creatures vanquished.

Vanquished Creatures (others)
  A centaur (D:6)
  A gnoll shaman (D:6)
  A shadow imp (D:8)
  2 fungi (D:7)
  A plant (D:8)
6 creatures vanquished.

Grand Total: 317 creatures vanquished

Notes
Turn   | Place    | Note
-------+----------+-------------------------------------------
     0 | D:1      | dngmouse the Minotaur Fighter began the quest for the Orb.
     0 | D:1      | Reached XP level 1. HP: 19/19 MP: 0/0
   312 | D:1      | Reached skill level 3 in Maces & Flails
   425 | D:1      | Reached XP level 2. HP: 27/27 MP: 1/1
   648 | D:2      | Reached XP level 3. HP: 31/33 MP: 2/2
   758 | D:2      | Reached skill level 4 in Maces & Flails
   792 | D:2      | Reached XP level 4. HP: 41/41 MP: 3/3
   826 | D:2      | Reached skill level 5 in Maces & Flails
  1340 | D:3      | Reached XP level 5. HP: 47/47 MP: 4/4
  1417 | D:3      | Noticed Paps's ghost (amateur HOFi)
  1423 | D:3      | Killed Paps's ghost
  1423 | D:3      | Reached skill level 7 in Maces & Flails
  1655 | D:3      | Reached XP level 6. HP: 53/53 MP: 5/5
  1716 | D:3      | Found a hazy altar of Hepliaklqana.
  1858 | D:3      | Found a blossoming altar of Fedhas.
  1877 | D:3      | Noticed an oklob plant
  2463 | D:4      | Noticed Robin
  2481 | D:4      | Reached skill level 8 in Maces & Flails
  2513 | D:4      | Killed Robin
  2766 | D:4      | Reached XP level 7. HP: 56/60 MP: 6/6
  2978 | D:4      | Reached skill level 9 in Maces & Flails
  3130 | D:4      | Found a hide-covered altar of Uskayaw.
  3131 | D:4      | Found an ancient bone altar of Kikubaaqudgha.
  3255 | D:5      | Entered Level 5 of the Dungeon
  3271 | D:5      | Found a staircase to the Ecumenical Temple.
  3284 | D:5      | Found a sacrificial altar of Ru.
  3328 | Temple   | Entered the Ecumenical Temple
  3363 | Temple   | Became a worshipper of Warmaster Okawaru
  3547 | D:5      | Found an iron altar of Okawaru.
  3626 | D:5      | Noticed bosm's ghost (amateur OpTm)
  3656 | D:5      | Killed bosm's ghost
  3656 | D:5      | Reached skill level 10 in Maces & Flails
  3709 | D:5      | Reached * piety under Okawaru
  3710 | D:5      | Found a white marble altar of Elyvilon.
  3787 | D:5      | Reached XP level 8. HP: 61/67 MP: 7/7
  3796 | D:5      | Found a bloodstained altar of Trog.
  3885 | D:5      | Reached skill level 11 in Maces & Flails
  4364 | D:6      | Found a shattered altar of Ashenzari.
  4605 | D:6      | Reached skill level 12 in Maces & Flails
  4805 | D:6      | Noticed Pikel
  5363 | D:5      | Got a faintly glowing ring mail
  5367 | D:5      | Identified the +2 ring mail "Xoosmoala" {rElec rC++ Int-3} (You took it off a gnoll on level 5 of the Dungeon)
  5466 | D:5      | Gained mutation: Scrolls take you a little longer to read. [potion of mutation]
  5466 | D:5      | Gained mutation: You are clumsy. (Dex -2) [potion of mutation]
  5466 | D:5      | Gained mutation: You regenerate slowly when monsters are visible. [potion of mutation]
  5471 | D:5      | Killed Pikel
  5471 | D:5      | Reached ** piety under Okawaru
  5471 | D:5      | Reached skill level 13 in Maces & Flails
  5471 | D:5      | Reached XP level 9. HP: 23/72 MP: 5/8
  5713 | D:6      | Gained mutation: You have sharp toenails. [potion of mutation]
  5713 | D:6      | Gained mutation: Your spells are a little harder to cast, but a little more powerful. [potion of mutation]
  5713 | D:6      | Gained mutation: You are partially covered in yellow scales. (AC +2) [potion of mutation]
  5782 | D:6      | Reached skill level 1 in Invocations
  5785 | D:6      | Reached skill level 5 in Fighting
  5978 | D:6      | Found Firghyqeorph's Food Shop.
  7186 | D:7      | Found a snail-covered altar of Cheibriados.
  7528 | D:6      | Reached skill level 5 in Armour
  7646 | D:6      | Reached *** piety under Okawaru
  8084 | D:7      | Reached XP level 10. HP: 86/86 MP: 12/12
  8315 | D:8      | Reached skill level 14 in Maces & Flails
  8320 | D:8      | Reached skill level 5 in Invocations
  8335 | D:8      | Reached **** piety under Okawaru
  8853 | D:8      | Noticed a manticore
  8862 | D:8      | Killed a manticore
  9093 | D:8      | Found a staircase to the Lair.
 10612 | D:8      | Found a blossoming altar of Fedhas.
 10662 | D:8      | Noticed a manticore
 10682 | D:8      | Reached skill level 10 in Fighting
 10687 | D:8      | Reached ***** piety under Okawaru
 10687 | D:8      | Reached XP level 11. HP: 90/99 MP: 15/15
 11402 | D:8      | Killed from afar by a manticore

Skill      XL: |  1  2  3  4  5  6  7  8  9 10 11 |
---------------+----------------------------------+-----
Maces & Flails | 3 4 5 7 8 10 13 14 | 14.6
Fighting       | 4 7 10 | 10.4
Invocations    | 4 6 7 |  7.2
Armour         | 5 6 7 |  7.0
Shields        | |  3.6

Action                   |  1- 3 |  4- 6 |  7- 9 | 10-12 || total
-------------------------+-------+-------+-------+-------++-------
Melee: Flail             |    92 |   212 |   629 |   322 ||  1255
       Headbutt          |    12 |    39 |    99 |    57 ||   207
       Kick              |       |       |    71 |   121 ||   192
Invok: Heroism           |       |       |     2 |     3 ||     5
  Use: Potion            |       |     2 |     8 |     1 ||    11
       Scroll            |       |       |    13 |     2 ||    15
 Stab: Paralysed         |       |       |     1 |       ||     1
  Eat: Chunk             |       |     6 |    18 |    11 ||    35
Armor: Scale mail        |    52 |    71 |    55 |       ||   178
       Skin              |       |       |    17 |       ||    17
       Plate armour      |       |       |   223 |   140 ||   363
Dodge: Dodged            |    31 |    41 |    84 |    40 ||   196
Block: Shield            |    46 |   117 |   260 |   136 ||   559
